Map: Winter's Gate LE

Players

Mez

  • Race: Terran Terran
  • League: Master
  • Spawn Location: 11:00

A.I. 1 (Very Easy) - Winner!

  • Race: Terran Terran
  • Spawn Location: 5:00

VOD

Have the link to the VOD?

Description

Time

  • Played on: Aug. 23, 2019, 4:18 p.m.
  • Length: 10:51
Show
View Real Time Build Order
Export as new Build Order

Mez Terran 

Build Orders: Reaper Expand 

Get SALT Encoding   

  12  0:01  SCV  
  13  0:13  SCV  
  14  0:17  Supply Depot  
  14  0:25  SCV  
  15  0:38  SCV  
  15  0:41  Barracks  
  16  0:45  Refinery  
  16  0:51  SCV  
  17  1:03  SCV  
  18  1:15  SCV  
  19  1:29  Orbital Command, Reaper  
  20  1:39  Command Center  
  20  1:48  Bunker  
  20  1:54  SCV  
  20  1:57  Supply Depot  
  21  2:02  Barracks Reactor  
  21  2:06  SCV  
  22  2:18  SCV  
  23  2:31  Command Center  
  23  2:33  SCV  
  24  2:40  Factory  
  24  2:45  Marine x2  
  24  2:49  SCV  
  27  2:55  Orbital Command  
  27  3:03  SCV, Refinery  
  28  3:08  Marine x2  
  30  3:16  SCV  
  31  3:22  Barracks  
  31  3:28  Marine, Widow Mine  
  31  3:29  Marine  
  31  3:30  SCV  
  31  3:32  SCV  
  37  3:42  SCV  
  37  3:43  Barracks  
  37  3:45  Orbital Command  
  37  3:47  SCV  
  39  3:50  Widow Mine  
  39  3:52  Marine  
  39  3:54  Marine, SCV  
  44  3:59  SCV  
  45  4:04  Barracks  
  45  4:06  SCV  
  46  4:11  Barracks Tech Lab  
  46  4:15  Factory Reactor  
  46  4:16  Starport  
  46  4:17  SCV x2  
  46  4:19  SCV  
  46  4:21  Marine  
  46  4:22  Marine  
  51  4:27  Supply Depot  
  51  4:30  SCV  
  51  4:31  SCV  
  53  4:33  Refinery  
  53  4:34  SCV  
  53  4:35  Refinery  
  54  4:38  Stimpack  
  54  4:40  Marauder  
  54  4:43  SCV x2  
  58  4:46  Marine x2  
  58  4:49  Supply Depot  
  58  4:52  Barracks Tech Lab  
  60  4:59  Factory Reactor  
  60  5:00  Medivac x2, Supply Depot  
  60  5:05  Orbital Command  
  60  5:06  SCV x2  
  67  5:10  Marine x2, Marauder  
  70  5:15  Marauder  
  70  5:18  SCV  
  73  5:25  SCV  
  74  5:29  Supply Depot x2  
  74  5:30  Medivac x2  
  74  5:31  SCV  
  74  5:35  SCV  
  80  5:37  SCV  
  80  5:40  Combat Shield  
  85  5:43  Marauder x2  
  85  5:50  Marine x2, SCV, Engineering Bay  
  85  5:51  SCV x2  
  85  5:52  Engineering Bay  
  90  5:58  Supply Depot  
  90  6:01  Supply Depot  
  90  6:02  SCV  
  90  6:03  SCV  
  92  6:05  Medivac x2  
  92  6:07  Widow Mine x2  
  92  6:10  SCV  
  101  6:20  SCV, Marauder  
  101  6:21  Barracks  
  101  6:22  Barracks, Marauder  
  101  6:23  Marine x2  
  108  6:28  Terran Infantry Armor Level 1, Terran Infantry Weapons Level 1  
  108  6:30  Supply Depot  
  108  6:33  Supply Depot  
  108  6:37  SCV  
  108  6:38  SCV x2  
  111  6:40  Refinery  
  111  6:41  Refinery  
  111  6:47  Marine x2, Marauder x2  
  111  6:52  SCV x2, Medivac x2, Widow Mine  
  125  6:55  Supply Depot  
  125  6:59  Supply Depot  
  125  7:08  Marine x2  
  128  7:09  Marauder x2  
  128  7:10  Barracks Reactor, Barracks Tech Lab  
  128  7:11  SCV x2  
  132  7:15  SCV  
  132  7:23  SCV, Medivac x2  
  132  7:24  SCV  
  132  7:29  SCV  
  139  7:30  Armory  
  139  7:31  Marine x2, Marauder  
  139  7:32  Marauder x2  
  139  7:35  SCV  
  148  7:45  Command Center  
  148  7:49  Marine  
  148  7:50  Ghost Academy  
  148  7:51  Starport  
  149  7:59  Supply Depot  
  149  8:05  Supply Depot  
  149  8:07  Supply Depot  
  149  8:08  Supply Depot  
  149  8:20  Barracks  
  149  8:21  Marine x4, Barracks, Marauder x2  
  149  8:22  Barracks  
  149  8:27  Viking x2  
  161  8:28  Terran Infantry Armor Level 2, Terran Infantry Weapons Level 2  
  161  8:42  Ghost x3  
  161  8:43  Marine x4  
  171  8:58  Planetary Fortress  
  171  9:01  Refinery  
  171  9:04  Enhanced Shockwaves  
  171  9:06  Viking  
  171  9:07  Viking x2  
  177  9:12  Viking  
  177  9:14  Marine x10  
  189  9:29  Refinery  
  189  9:41  Marauder x3, Barracks Tech Lab x3  
  189  9:42  Marine  
  196  10:29  Command Center  
  196  10:30  Command Center  
Show
View Real Time Build Order
Export as new Build Order

A.I. 1 (Very Easy) Terran - Winner!

Build Orders:  

Get SALT Encoding   

  12  0:00  SCV  
  13  0:13  SCV  
  14  0:18  Supply Depot  
  14  0:37  Refinery  
  14  0:43  Barracks  
  14  1:04  Supply Depot  
  14  1:11  Refinery  
  14  1:29  Orbital Command  
  14  1:30  Marine  
  15  1:48  Barracks Tech Lab  
  15  1:55  SCV  
  16  2:07  SCV  
  17  2:16  Marine  
  17  2:19  SCV  
  19  2:31  SCV  
  20  2:43  SCV  
  21  2:55  SCV  
  22  3:02  Marauder  
  24  6:42  Marine, SCV  
  24  6:44  Supply Depot  
  24  6:46  Factory  
  26  6:48  Command Center  
  26  6:54  SCV  
  26  7:06  SCV  
  26  7:07  Supply Depot  
  27  7:15  Marine  
  27  7:18  SCV  
  25  7:31  Starport  
  25  7:48  Marine  
  26  8:01  SCV  
  26  8:04  Refinery  
  27  8:08  SCV  
  27  8:11  Refinery, Starport Tech Lab  
  28  8:15  SCV  
  29  8:21  Marine  
  29  8:23  SCV  
  31  8:30  SCV  
  31  8:31  Raven  
  34  8:37  SCV  
  32  8:44  SCV  
  33  8:50  Hellion  
  33  8:51  SCV  
  36  8:59  SCV  
  37  9:06  SCV  
  38  9:13  SCV  
  38  9:14  Raven  
  41  9:18  Marine  
  41  9:20  SCV  
  43  9:27  SCV  
  44  9:34  SCV  
  45  9:41  SCV  
  46  9:47  Marine  
  46  9:49  SCV  
  48  9:56  SCV  
  49  10:10  Supply Depot  
  49  10:16  Viking  
  51  10:24  SCV  
  50  10:31  SCV  
  48  10:38  SCV  
Tags
 
Add a new tag
Caveats
  • Supply blocks, unpowered buildings, or Contaminate may cause inaccurate times.
  • Supply counts are checked every 10 seconds.